Map: Frozen Temple

Players

Miszu - Winner!

  • Race: Terran Terran
  • League: Grandmaster

Chess

  • Race: Terran Terran
  • League: Master

VOD

Have the link to the VOD?

Description

Time

  • Played on: May 28, 2016, 4:35 p.m.
  • Length: 10:32
Show
View Real Time Build Order
Export as new Build Order

Miszu Terran - Winner!

Build Orders: 1/1/1, MMM Bio 

Get SALT Encoding   

  12  0:00  SCV  
  13  0:13  SCV  
  14  0:23  Supply Depot  
  14  0:25  SCV  
  15  0:31  Refinery  
  15  0:45  SCV  
  15  0:48  Barracks  
  16  0:56  Refinery  
  16  0:57  SCV  
  17  1:09  SCV  
  18  1:21  SCV  
  19  1:36  Factory, Reaper  
  19  1:38  Orbital Command  
  20  1:49  Supply Depot  
  20  2:03  SCV  
  21  2:09  Reaper  
  22  2:16  SCV  
  22  2:21  Hellion  
  25  2:22  Starport  
  25  2:28  SCV  
  26  2:32  Supply Depot  
  26  2:43  Hellion, Reaper  
  29  2:44  SCV  
  28  3:05  Hellion, Medivac  
  31  3:16  Barracks Tech Lab  
  31  3:18  Barracks Reactor  
  31  3:20  Command Center  
  31  3:37  Viking  
  31  3:38  Factory Tech Lab  
  31  3:40  SCV  
  34  3:48  Supply Depot  
  34  3:55  Marine  
  34  3:56  Marine  
  34  3:57  Siege Tank  
  39  4:03  Supply Depot  
  39  4:10  SCV  
  39  4:14  Viking, Marine x2  
  42  4:22  SCV  
  41  4:32  Siege Tank  
  41  4:34  SCV  
  45  4:42  Orbital Command  
  45  4:46  SCV  
  46  4:59  Viking  
  48  5:00  SCV  
  49  5:12  SCV  
  50  5:14  SCV  
  50  5:18  Barracks  
  50  5:19  Barracks  
  51  5:21  Refinery  
  51  5:25  SCV  
  51  5:26  SCV  
  51  5:28  Engineering Bay  
  53  5:30  Starport Reactor  
  52  5:47  Marine x2  
  52  5:48  SCV  
  52  5:49  SCV  
  56  5:52  Supply Depot x2  
  56  6:00  SCV  
  52  6:05  Marine x2  
  52  6:07  Barracks Tech Lab x2  
  52  6:08  Terran Infantry Weapons Level 1, SCV  
  55  6:13  SCV  
  55  6:17  Siege Tank  
  59  6:20  SCV  
  59  6:23  Marine  
  61  6:30  Marine  
  61  6:31  Marine x2  
  61  6:32  Stimpack, Combat Shields  
  64  6:38  Barracks  
  64  6:39  Barracks  
  59  6:49  Marine x3  
  59  6:51  Medivac x2  
  68  6:54  Refinery  
  68  6:59  Marine  
  68  7:00  SCV  
  70  7:02  SCV  
  70  7:04  Supply Depot  
  70  7:06  Marine  
  70  7:07  Marine  
  73  7:10  Siege Tank  
  73  7:12  SCV  
  75  7:19  Marine x2  
  75  7:21  Medivac x2, SCV  
  81  7:25  SCV  
  81  7:26  Marine, Missile Turret  
  81  7:28  Barracks Reactor x2  
  83  7:31  Marine  
  83  7:36  Missile Turret  
  84  7:38  Marine x2  
  84  7:42  Siege Tank  
  84  7:44  Supply Depot, Marine  
  89  7:48  Supply Depot, Marine  
  89  7:51  Medivac  
  88  8:03  Marine  
  88  8:04  Marine x5  
  88  8:05  Marine  
  95  8:06  Marine  
  95  8:10  Terran Infantry Armor Level 1  
  96  8:14  Supply Depot  
  96  8:21  Marine x5, SCV  
  96  8:22  Marine  
  94  8:30  Marine  
  94  8:31  Marine  
  96  8:37  Command Center  
  96  8:39  Marine x5  
  96  8:40  Siege Tank  
  105  8:45  Medivac  
  105  8:47  Medivac  
  109  8:54  Engineering Bay  
  108  8:56  Marine, Armory  
  108  8:58  Marine  
  110  9:22  Marine x3  
  110  9:23  Marine x5  
  90  9:31  Siege Tank  
  90  9:36  Medivac  
  95  9:40  Marine x6  
  101  9:48  Marine  
  102  9:54  Marine  
  102  9:57  Orbital Command  
  102  9:58  Marine x2  
Show
View Real Time Build Order
Export as new Build Order

Chess Terran 

Build Orders: 1/1/1, Liberator Opening, MMM Bio 

Get SALT Encoding   

  12  0:00  SCV  
  13  0:12  SCV  
  14  0:17  Supply Depot  
  14  0:24  SCV  
  15  0:33  Refinery  
  15  0:39  SCV  
  16  0:44  Barracks  
  16  0:51  SCV  
  16  0:53  Refinery  
  17  1:03  SCV  
  18  1:15  SCV  
  19  1:31  Factory, Orbital Command  
  19  1:36  Reaper  
  20  1:42  Supply Depot  
  20  1:57  SCV  
  21  2:08  Reaper  
  21  2:09  SCV  
  23  2:16  Hellion  
  23  2:17  Starport  
  23  2:22  SCV  
  26  2:23  Supply Depot  
  26  2:37  Hellion  
  26  2:40  Reaper, SCV  
  30  2:47  Supply Depot  
  30  3:05  Hellion, Medivac  
  33  3:07  SCV  
  34  3:13  Barracks Reactor  
  34  3:18  Liberator  
  34  3:21  Command Center  
  34  3:27  Factory Tech Lab  
  34  3:32  SCV  
  38  3:44  Barracks  
  38  3:47  Supply Depot  
  36  3:51  SCV  
  36  3:55  Marine x2  
  39  4:00  Cyclone  
  42  4:21  Marine x2  
  44  4:25  Viking  
  46  4:35  SCV  
  46  4:36  Siege Tank  
  50  4:39  Marine x2  
  52  4:45  Orbital Command  
  52  4:47  SCV  
  52  4:49  Barracks Tech Lab  
  53  4:57  Marine x2  
  56  5:00  SCV  
  56  5:05  Starport Reactor, Supply Depot  
  56  5:10  Stimpack  
  56  5:12  SCV  
  56  5:13  SCV  
  58  5:16  Refinery  
  58  5:24  SCV  
  59  5:29  SCV  
  59  5:30  Marine x2  
  62  5:40  Marine  
  57  5:43  Siege Tank  
  57  5:46  SCV  
  57  5:47  SCV  
  57  5:48  Marine, Medivac x2  
  57  5:49  Marine  
  68  5:53  Supply Depot  
  66  5:58  Marine  
  66  6:03  SCV x2  
  62  6:15  SCV  
  63  6:19  Barracks Reactor, Supply Depot  
  63  6:25  SCV  
  63  6:26  Marine  
  63  6:27  SCV  
  63  6:29  Siege Tank  
  65  6:33  Barracks  
  63  6:43  SCV  
  63  6:44  Marine, SCV  
  65  6:51  Medivac x2  
  69  6:56  Marine  
  69  6:57  Marine  
  71  7:01  Marine  
  72  7:10  Combat Shields  
  72  7:11  SCV  
  72  7:13  SCV  
  72  7:14  Marine, Refinery  
  72  7:15  Marine  
  76  7:19  Marine  
  76  7:23  SCV  
  76  7:25  Barracks Reactor, SCV  
  76  7:27  Barracks  
  78  7:32  Barracks  
  78  7:38  Supply Depot  
  78  7:39  Marine x2, Medivac  
  78  7:40  Siege Tank  
  83  8:00  Marine x3  
  83  8:02  Marine, SCV  
  83  8:03  Marine  
  89  8:07  Supply Depot, Medivac  
  89  8:08  Supply Depot  
  89  8:09  Medivac  
  93  8:18  Marine  
  93  8:19  Marine  
  94  8:22  Marine x2  
  94  8:28  Marine, Siege Tank  
  94  8:30  Barracks Reactor  
  94  8:31  Barracks Reactor  
  98  8:36  Marine  
  98  8:37  Marine  
  98  8:40  Marine x2  
  102  8:46  Marine  
  102  8:48  Medivac x2  
  107  8:53  Supply Depot  
  107  8:54  Marine x2  
  109  8:58  Marine x2  
  109  9:02  Supply Depot x2, Siege Tank  
  114  9:04  Marine  
  114  9:06  Marine  
  114  9:07  Marine  
  114  9:08  Marine  
  118  9:14  Marine x2  
  115  9:27  Marine x2  
  115  9:30  Marine x4  
  114  9:32  Marine x2  
  116  9:40  Medivac, Siege Tank  
  116  9:45  Marine x2  
  121  9:48  Marine x3  
  121  9:50  Barracks Reactor  
  121  9:51  Marine x2  
  128  10:03  Marine x2  
  128  10:06  Marine x3  
  127  10:12  Marine x2  
Tags
 
Add a new tag
Caveats
  • Supply blocks, unpowered buildings, or Contaminate may cause inaccurate times.
  • Supply counts are checked every 10 seconds.